 Dungeon Crawl Stone Soup version 0.29.1-1-gd02db6906a (webtiles) character file.

Game seed: 12099347135480030442

3008 RogueRain17 the Spear-Bearer (level 9, 0/61 HPs)
             Began as a Demonspawn Gladiator on Sept 27, 2022.
             Was an Initiate of Yredelemnul.
             Succumbed to a killer bee's poison
             ... on level 8 of the Dungeon.
             The game lasted 00:20:16 (9239 turns).

RogueRain17 the Spear-Bearer (Demonspawn Gladiator) Turns: 9239, Time: 00:20:17

Health: 0/61       AC: 13    Str: 18    XL:     9   Next: 54%
Magic:  14/14      EV: 13    Int: 10    God:    Yredelemnul [......]
Gold:   581        SH:  4    Dex: 15    Spells: 8/8 levels left

rFire   . . .      SeeInvis .   l - +2 trident (flame)
rCold   + . .      Faith    .   (no shield)
rNeg    . . .      Spirit   .   i - +2 ring mail {rC+}
rPois   .          Reflect  .   c - +0 helmet
rElec   .          Harm     .   A - scarf {shadows}
rCorr   +          Rampage  .   h - +0 pair of gloves
Will    .....                   g - +0 pair of boots
Stlth   +.........              (no amulet)
HPRegen 0.20/turn               I - ring of resist corrosion
MPRegen 0.14/turn               (no ring)

@: lethally poisoned (0 -> -7)
A: slimy green scales 2, condensation shield, weakness stinger 2
a: Renounce Religion, Recall Undead Harvest


You were on level 8 of the Dungeon.
You worshipped Yredelemnul.
Yredelemnul was noncommittal.
You visited 2 branches of the dungeon, and saw 10 of its levels.
You also visited: Ossuary.

You collected 581 gold pieces.

Inventory:

Hand Weapons
 a - a +0 trident
 l - a +2 trident of flaming (weapon)
 z - the +6 rapier of Zangeuc {spect, Int+2}
   (You took it off a gnoll on level 6 of the Dungeon)

   When its wielder attacks, the weapon's spirit leaps out and strikes again.
   The spirit shares a part of any damage it takes with its wielder.
   Int:       It affects your intelligence (+2).
Missiles
 e - 5 javelins
 s - 2 boomerangs of dispersal (quivered)
 v - 5 silver javelins
 B - 2 throwing nets
Armour
 c - a +0 helmet (worn)
 g - a +0 pair of boots (worn)
 h - a +0 pair of gloves (worn)
 i - a +2 ring mail of cold resistance (worn)
 A - a scarf of shadows (worn)
Jewellery
 I - a ring of resist corrosion (left hand)
 K - an amulet of the acrobat
Wands
 F - a wand of acid (10)
 G - a wand of iceblast (4)
 J - a wand of digging (5)
Scrolls
 b - 6 scrolls of teleportation
 f - a scroll of poison {unknown}
 j - 2 scrolls of torment {unknown}
 m - a scroll of summoning {unknown}
 n - 2 scrolls of magic mapping {unknown}
 o - 2 scrolls of noise {unknown}
 r - 6 scrolls of identify {unknown}
 t - 2 scrolls of fear {unknown}
 u - 2 scrolls of amnesia {unknown}
 w - a scroll of fog {unknown}
 x - a scroll of brand weapon {unknown}
 y - 5 scrolls of enchant weapon {unknown}
Potions
 d - 3 potions of flight {unknown}
 k - a potion of haste
 p - a potion of might {unknown}
 q - a potion of ambrosia {unknown}
 C - a potion of degeneration {unknown}
 D - a potion of brilliance {unknown}
 E - a potion of attraction {unknown}
 H - a potion of lignification {unknown}


   Skills:
 - Level 2.0 Fighting
 * Level 10.4 Polearms
 - Level 1.7 Throwing
 - Level 5.6 Dodging
 + Level 6.9 Invocations


You had 8 spell levels left.
You didn't know any spells.
Your spell library contained the following spells:

 Spells                   Type           Power      Damage    Failure   Level
 Gell's Gravitas          Tloc           0%         N/A       90%         3
 Lesser Beckoning         Tloc           0%         N/A       90%         3
 Portal Projectile        Hex/Tloc       0%         N/A       90%         3
 Teleport Other           Tloc           0%         N/A       90%         3
 Tukima's Dance           Hex            0%         N/A       90%         3
 Blade Hands              Tmut           0%         N/A       100%        5


Dungeon Overview and Level Annotations

Branches:
Dungeon (9/15)             Temple (1/1) D:5         Ossuary (visited)
   Lair: D:8-11         Orc: D:9-12

Altars:
Ashenzari
Kikubaaqudgha
Makhleb
Qazlal
Wu Jian
Yredelemnul

Shops:
D:2 *   D:5 :(=

Annotations:
D:6 3 runed translucent doors, Arctor's ghost, amateur GrFi


Innate Abilities, Weirdness & Mutations

You are mostly covered in slimy green scales. (AC +3)
A meltable shield of frost defends you. (SH +4)
You have a tail ending in a sharp stinger.


Message History

The killer bee attacks as you move away!
You block the killer bee's attack. The killer bee closely misses you.
The killer bee stings you!
There is a stone staircase leading up here.
The killer bee completely misses you. The killer bee stings you. x2
The killer bee stings you but does no damage.
The killer bee stings you.
You are poisoned.
The killer bee poisons you! The killer bee misses you.
The killer bee stings you!
You climb upwards.
You feel sick.
There is a stone staircase leading down here.
You completely miss the killer bee.
The killer bee is lightly wounded.
You feel sick. The killer bee barely misses you. x2
The killer bee misses you. The killer bee stings you!
* * * LOW HITPOINT WARNING * * *
You are more poisoned.
The killer bee poisons you!
The killer bee stings you but does no damage.
The killer bee stings you.
* * * LOW HITPOINT WARNING * * *
Unknown command.
Unknown command.
Unknown command.
Unknown command.
Unknown command.
Welcome back, RogueRain17 the Demonspawn Gladiator.
Yredelemnul says: Carry the black torch!
Rouse the idle dead!
Press ? for a list of commands and other information.
* * * LOW HITPOINT WARNING * * *
You feel very sick. The killer bee barely misses you.
The killer bee stings you but does no damage.
The killer bee barely misses you. x2
The killer bee stings you but does no damage.
The killer bee stings you.
* * * LOW HITPOINT WARNING * * *
You die...
Your body rises from the dead as a mindless zombie.

#.............>............#
#................)........##
#...........).>)[.)......##
#..............)........##
#..........<.............###
##.........................#
#........................<#
##.......yy..............##
#.....###@y............##
##..### ##............##
#### ##..##......##
##.###....## #.# ###### #.##
### #..# ##.# #..# #..# ##.#


You could see 3 killer bees.

Vanquished Creatures
  Grinder (D:3)
  A steam dragon (D:7)
  2 water moccasins
  A black bear (D:7)
  3 orc warriors
  5 ogres
  A centaur (D:8)
  3 bullfrogs (D:8)
  An elf zombie (D:5)
  A kobold brigand (D:7)
  2 necrophages
  An elf skeleton (D:5)
  A gnoll sergeant (D:6)
  3 scorpions
  A killer bee (D:8)
  A howler monkey (D:9)
  3 jellies
  A gnoll bouda (D:8)
  A human zombie (D:5)
  3 orc priests
  2 iguanas (D:5)
  3 orc wizards
  3 mummies (Ossuary)
  6 gnolls
  2 adders
  2 white imps (D:7)
  An adder zombie (Ossuary)
  A worm (D:3)
  22 orcs
  8 ball pythons
  2 endoplasms
  9 giant cockroaches
  12 goblins
  13 hobgoblins
  6 jackals
  3 quokkas
  4 bats
  7 frilled lizards
  A goblin zombie (Ossuary)
  3 hobgoblin zombies (Ossuary)
  8 kobolds
  A kobold zombie (Ossuary)
  3 orc skeletons (D:5)
  An orc zombie (Ossuary)
  A quokka zombie (Ossuary)
  4 rats
  4 rat zombies (Ossuary)
168 creatures vanquished.

Vanquished Creatures (collateral kills)
  A centaur (D:8)
  2 orc wizards
  A gnoll (D:6)
  6 orcs
10 creatures vanquished.

Vanquished Creatures (others)
  A black bear zombie (D:7)
  A howler monkey zombie (D:9)
  A gnoll zombie (D:6)
  8 orc zombies
11 creatures vanquished.

Grand Total: 189 creatures vanquished

Notes
Turn   | Place    | Note
-------+----------+-------------------------------------------
     0 | D:1      | RogueRain17 the Demonspawn Gladiator began the quest for
                  | the Orb.
     0 | D:1      | Reached XP level 1. HP: 16/16 MP: 1/1
   191 | D:1      | Reached skill level 3 in Polearms
   199 | D:1      | Gained mutation: You are partially covered in slimy green
                  | scales. (AC +2) [demonic ancestry]
   199 | D:1      | Reached XP level 2. HP: 22/22 MP: 2/2
   665 | D:1      | Found a faded altar of an unknown god.
  1048 | D:2      | Identified the +6 hand axe of Gigepp {vorpal, Will+ rCorr
                  | Str-5}
  1055 | D:2      | Found Xuibred's Assorted Antiques.
  1131 | D:2      | Gained mutation: You have a small tail. [demonic ancestry]
  1131 | D:2      | Reached XP level 3. HP: 27/27 MP: 3/3
  1840 | D:3      | Noticed Grinder
  1861 | D:3      | Paralysed by Grinder for 3 turns
  1875 | D:3      | Killed Grinder
  1876 | D:3      | Reached skill level 5 in Polearms
  1876 | D:3      | Reached XP level 4. HP: 24/33 MP: 4/4
  1876 | D:3      | Gained mutation: You have a tail ending in a sharp stinger.
                  | [demonic ancestry]
  1876 | D:3      | Reached XP level 5. HP: 27/38 MP: 5/5
  2441 | D:4      | Gained mutation: A meltable shield of frost defends you.
                  | (SH +4) [demonic ancestry]
  2441 | D:4      | Reached XP level 6. HP: 44/44 MP: 6/6
  3498 | D:5      | Entered Level 5 of the Dungeon
  3502 | D:5      | Found Utaseoch's Jewellery Emporium.
  3510 | D:5      | Reached skill level 6 in Polearms
  3511 | D:5      | Found Otulo's Weapon Shoppe.
  3513 | D:5      | Found Haet's Book Emporium.
  3752 | D:5      | Gained mutation: You are mostly covered in slimy green
                  | scales. (AC +3) [demonic ancestry]
  3752 | D:5      | Reached XP level 7. HP: 50/50 MP: 7/7
  3913 | D:5      | Found a sand-covered staircase.
  3918 | Ossuary  | Entered an ossuary
  3939 | Ossuary  | Reached skill level 5 in Dodging
  4314 | D:5      | Reached skill level 7 in Polearms
  4732 | D:5      | Found a staircase to the Ecumenical Temple.
  4740 | Temple   | Entered the Ecumenical Temple
  4745 | Temple   | Became a worshipper of Yredelemnul the Dark
  4826 | D:6      | Reached XP level 8. HP: 40/56 MP: 8/8
  5111 | D:6      | Reached skill level 1 in Invocations
  5132 | D:6      | Reached * piety under Yredelemnul
  5132 | D:6      | Identified the +6 rapier of Zangeuc {spect, Int+2}
  5163 | D:5      | Reached skill level 8 in Polearms
  6161 | D:6      | Found a runed translucent gate.
  6161 | D:6      | Found a runed translucent gate.
  6162 | D:6      | Found a runed translucent gate.
  6165 | D:6      | Noticed Arctor's ghost (amateur GrFi)
  6308 | D:7      | Identified the +0 robe of Vares {rC- Will++}
  6334 | D:7      | Reached skill level 9 in Polearms
  6377 | D:7      | HP: 2/56 [steam dragon/ball of steam (13)]
  6840 | D:7      | Reached skill level 5 in Invocations
  6840 | D:7      | Reached XP level 9. HP: 53/60 MP: 12/12
  6954 | D:7      | Reached ** piety under Yredelemnul
  7212 | D:7      | Found a broken altar of Ashenzari.
  7870 | D:8      | Reached skill level 10 in Polearms
  9238 | D:8      | HP: 1/61 [killer bee (3)]
  9239 | D:8      | Succumbed to a killer bee's poison

Illustrated notes

Levels and vault maps discovered:
D:1:      shiori_arrival_elements, layout_basic,
          hellmonk_ecumenical_altar_heavens_door,
          wander_ebering_terrifying_dragon_lair
D:2:      layout_rooms, serial_shops, shop
D:3:      layout_basic, uniq_grinder
D:4:      cheibrodos_greedy_goblins, layout_cave_pods,
          kennysheep_generic_room_13
D:5:      layout_cave_pools, lemuel_temple_firewalk_b,
          nicolae_ossuary_entry_catacombs, grunt_ministairs_5,
          nicolae_wooded_promenade
D:6:      layout_loops_ring, gammafunk_ghost_necromancy
D:7:      layout_loops_cross, ashenzari_altar_1
D:8:      layout_cave_pods
D:9:      layout_cave_pools
Temple:   hellmonk_temple_of_storms

Skill      XL: |  1  2  3  4  5  6  7  8  9 |
---------------+----------------------------+-----
Polearms       | 3 5 6 7 9 10 | 10.4
Dodging        | 3 4 5 |  5.6
Invocations    | 5 6 |  6.9
Fighting       | |  2.0
Throwing       | |  1.7

Action                   |  1- 3 |  4- 6 |  7- 9 || total
-------------------------+-------+-------+-------++-------
Melee: Trident           |   139 |   114 |   401 ||   654
       Punch             |     1 |     2 |     3 ||     6
       Tailslap          |     6 |    11 |    57 ||    74
Throw: Throwing net      |     5 |       |       ||     5
       Javelin           |     1 |       |       ||     1
       Boomerang         |       |       |     4 ||     4
Invok: Dark Bargain      |       |       |     2 ||     2
Evoke: Wand              |     4 |     4 |    11 ||    19
  Use: Potion            |       |       |     6 ||     6
       Scroll            |       |       |     1 ||     1
 Stab: Sleeping          |     2 |       |       ||     2
       Paralysed         |     6 |    10 |     6 ||    22
       Distracted        |       |       |     1 ||     1
Armor: Leather armour    |    14 |       |       ||    14
       Ring mail         |    30 |    45 |   143 ||   218
Dodge: Dodged            |    73 |    44 |   196 ||   313
Block: Other             |       |    14 |    40 ||    54
